Unix xNetHack Version 8.0.0 - last build Mar 23 2024 02:42:02 (1964348d4f5f1cf1067ea9968e02252fcc83c468). Game began 2024-03-20 18:07:29, ended 2024-03-26 12:32:44. Okoto, chaotic female elven Wizard ---- ... .. ---- ---- -------..|.. |..| ....--..... ------[----- -......................----- --...-----.----..--...-.....-- --...)-- |@o---..........-- .---- -- ------..-.).| |.o.............---....--- --- --.. --..|......).---|.......---.)......- -...| --- ----.-- |...................|--.....-- |........---...---.----.....---- |.............%.....--|....-- --...--.............|..........| --- ---.........^...--...-- |...|---.|.............--.....| |........|.........| |...| ----.....|.--..--|.....| --..--..---.|.|..--- --.-- ---..-------- --.---- --- ---- -------- --- ---- --- Okoto the Conjurer St:9 Dx:13 Co:14 In:20 Wi:13 Ch:8 Chaotic S:1640 Dlvl:5 $:164 HP:0(40) Pw:74(74) AC:5 Xp:5/319 T:2560 Hungry Burdened Latest messages: Automatic description of features under cursor is on. Automatic description of features under cursor is off. Move cursor to the desired destination: Move cursor to the desired destination: Where do you want to travel to? (For instructions type a '?') Move cursor to the desired destination: You are enveloped in a cloud of gas! Please move the cursor to an unknown object. (For instructions type a '?') Can't find dungeon feature '/'. The hill orc wields a bow! The hill orc wields a curved sword! The hill orc swings his curved sword. The hill orc misses! The hill orc swings his curved sword. The hill orc hits you! The hill orc swings his curved sword. Your cloak of magic resistance blocks the hill orc's attack. The hill orc wields a curved sword! In what direction? 8 Really save? [yn] (n) y Saving... Restoring save file... Hello Okoto, the elven Wizard, welcome back to xNetHack! You are lucky! Full moon tonight. Your movements are slowed slightly because of your load. The hill orc picks up a dart. The hill orc swings his curved sword. The hill orc hacks you! You recoil from the touch of iron! The hill orc swings his curved sword. The hill orc lacerates you! You recoil from the touch of iron! The hill orc swings his curved sword. The hill orc hacks you! You recoil from the touch of iron! You die... Do you want your possessions identified? [ynq] (y) n Do you want to see your attributes? [ynq] (y) n Do you want an account of creatures vanquished? [ynaq] (y) n Do you want to see your conduct and achievements? [ynq] (y) n Do you want to see the dungeon overview? [ynq] (y) n Inventory: Inventory: 705/625 weight (36/52 slots) Coins $ - 164 gold pieces {2} Weapons D - 6 +0 mithril arrows {3} n - 6 blessed +0 darts (at the ready) {6} I - 4 +0 darts {4} z - a cursed -1 dwarvish spear {35} p - a +0 knife {5} y - a +0 orcish dagger {10} a - a blessed +1 quarterstaff (weapon in hands) {40} Armor q - an uncursed +2 dwarvish helm {40} G - an uncursed +0 pair of dwarvish boots (being worn) {38} b - a blessed +0 cloak of magic resistance (being worn) {8} C - an uncursed +0 leather light armor (being worn) {113} Comestibles r - 2 uncursed cloves of garlic {2} j - 5 uncursed food rations {100} s - a cursed tin of newt meat {10} K - an uncursed lichen corpse {20} Scrolls m - an uncursed scroll of blank paper {5} A - a blessed scroll of enchant weapon {5} h - an uncursed scroll of fire {5} k - an uncursed scroll of teleportation {5} Spellbooks f - an uncursed spellbook of extra healing {45} c - a blessed spellbook of force bolt {35} d - a blessed spellbook of magic missile {40} e - an uncursed spellbook of turn undead {40} Potions t - an uncursed potion of oil {20} x - a cursed potion of restore ability {20} Wands i - a wand of polymorph (0:5) {7} Tools g - an uncursed harp {30} Gems/Stones M - an uncursed garnet stone {1} E - an uncursed ruby {1} v - an uncursed worthless piece of black glass {1} l - an uncursed worthless piece of blue glass {1} u - an uncursed worthless piece of green glass {1} L - 3 uncursed worthless pieces of orange glass {3} J - a cursed worthless piece of orange glass {1} o - 2 uncursed worthless pieces of violet glass {2} w - an uncursed worthless piece of white glass {1} Okoto the Wizard's attributes: Background: You were a Conjurer, a level 5 female elven Wizard. You were chaotic, on a mission for Anhur who was opposed by Ptah (lawful) and Thoth (neutral). You were heterosexual. You were in the Gnomish Mines, on level 5. You entered the dungeon 2560 turns ago. There was a full moon in effect when your adventure ended. You had 319 experience points, 1 more was needed to attain level 6. Your score was 1640 before end-of-game adjustments. Basics: You had 0 out of 40 hit points. You had all 74 energy points (spell power). Your armor class was 5. Your wallet contained 164 zorkmids. Autopickup was off. Final Characteristics: Your strength was 9 (limit:18). Your dexterity was 13 (limit:18). Your constitution was 14 (limit:16). Your intelligence was 20 (limit:20). Your wisdom was 13 (limit:20). Your charisma was 8 (limit:18). Final Status: You were hungry. You were burdened; movement was slightly slowed. You were wielding a quarterstaff. You had basic skill with quarterstaff. Final Attributes: You were piously aligned. You were magic-protected. You were sleep resistant. You had infravision. You were warded. You were harmed by iron. You were lucky. You are dead. Miscellaneous: You never encountered a bones level. Total elapsed playing time was 1 hour, 11 minutes and 28 seconds. Major events: Turn 1: Okoto the chaotic female elven Wizard entered the dungeon 864: attained the rank of Conjurer (level 3) 1108: entered the Gnomish Mines 2560: killed by a hill orc Vanquished creatures: a wood nymph a shrieker 3 gnome leaders a little dog 6 dwarves a giant bat 6 orc zombies 5 dwarf zombies a coyote 28 gnomes 2 garter snakes 7 gnome zombies a gecko 5 jackals a fox 2 goblins a sewer rat 5 grid bugs 2 lichens 5 kobold zombies 4 newts 88 creatures vanquished. No species were genocided or became extinct. Voluntary challenges: You were illiterate. You never genocided any monsters. You never polymorphed an object. You never changed form. You never touched an artifact. You used no wishes. You never scared an enemy with impunity. You were celibate. You never generated conflict. Achievements: You attained the rank of Conjurer. You entered the Gnomish Mines. Dungeon overview: The Dungeons of Doom: levels 1 to 3 Level 1: A tree. Level 2: A fountain, some sinks. Stairs down to The Gnomish Mines. Level 3: The Gnomish Mines: levels 3 to 5 Level 3: Level 4: Level 5: <- You were here. Final resting place for you, killed by a hill orc. Game over: __________ / \ / REST \ / IN \ / PEACE \ / \ | Okoto | | 164 Au | | killed by a hill | | orc | | | | | | 2024 | *| * * * | * _________)/\\_//(\/(/\)/\//\/|_)_______ Goodbye Okoto the Wizard... You died in The Gnomish Mines on dungeon level 5 with 1624 points, and 164 pieces of gold, after 2560 moves. You were level 5 with a maximum of 40 hit points when you died.